 Dungeon Crawl Stone Soup version 0.29.0-3-gbb0933ed62 (webtiles) character file.

Game seed: 11405270193256091675

193 svrs the Chopper (level 5, -2/47 HPs)
             Began as a Minotaur Berserker on Aug 25, 2022.
             Was a Priest of Trog.
             Slain by an ogre
             ... wielding a +0 giant club
              (21 damage)
             ... on level 4 of the Dungeon.
             The game lasted 00:07:26 (3506 turns).

svrs the Chopper (Minotaur Berserker)               Turns: 3506, Time: 00:07:27

Health: -2/47      AC:  8    Str: 23    XL:     5   Next: 43%
Magic:  4/4        EV: 11    Int:  4    God:    Trog [***...]
Gold:   145        SH:  0    Dex: 10    Spells: 4/4 levels left

rFire   . . .      SeeInvis .   a - +0 hand axe
rCold   + . .      Faith    .   (no shield)
rNeg    . . .      Spirit   .   b - +2 scale mail {rC+}
rPois   .          Reflect  .   (helmet restricted)
rElec   .          Harm     .   (no cloak)
rCorr   .          Rampage  .   (no gloves)
Will    .....                   (no boots)
Stlth   ..........              (no amulet)
HPRegen 0.15/turn               (no ring)
MPRegen 0.09/turn               (no ring)

@: no status effects
A: horns 2, retaliatory headbutt
a: Renounce Religion, Berserk, Trog's Hand


You were on level 4 of the Dungeon.
You worshipped Trog.
Trog was most pleased with you.
You visited 1 branch of the dungeon, and saw 4 of its levels.

You collected 145 gold pieces.

Inventory:

Hand Weapons
 a - a +0 hand axe (weapon)
Armour
 b - a +2 scale mail of cold resistance (worn)
 l - a +0 chain mail
Scrolls
 c - 3 scrolls of teleportation {unknown}
 d - 2 scrolls of butterflies {unknown}
 e - 2 scrolls of enchant armour {unknown}
 j - 4 scrolls of identify {unknown}
 n - a scroll of torment {unknown}
Potions
 f - 2 potions of lignification {unknown}
 g - a potion of curing {unknown}
 h - a potion of attraction {unknown}
 i - 2 potions of heal wounds {unknown}
 k - a potion of haste {unknown}
 m - a potion of magic {unknown}


   Skills:
 + Level 4.7 Fighting
 * Level 5.8 Axes
 * Level 3.2 Armour
 + Level 3.2 Dodging


You had 4 spell levels left.
You didn't know any spells.
Your spell library contained the following spells:

 Spells                   Type           Power      Damage    Failure   Level
 Stone Arrow              Conj/Erth      0%         3d7       99%         3
 Animate Armour           Summ/Erth      0%         N/A       100%        4
 Lehudib's Crystal Spear  Conj/Erth      0%         10d2      100%        8


Dungeon Overview and Level Annotations

Branches:
Dungeon (4/15)
 Temple: D:4-7

Altars:
Cheibriados
Makhleb
The Shining One


Innate Abilities, Weirdness & Mutations

You have a pair of horns on your head.
You reflexively headbutt those who attack you in melee.


Message History

The adder is moderately wounded.
The adder bites you.
You closely miss the adder. Your headbutt misses the adder.
The adder is moderately wounded.
The adder bites you but does no damage.
You hit the adder. You headbutt the adder.
The adder is severely wounded.
The adder bites you but does no damage. The adder barely misses you.
You closely miss the adder.
The adder is severely wounded.
You hit the gnoll. The adder closely misses you. You furiously retaliate!
You headbutt the adder.
You kill the adder!
Trog accepts your kill. The gnoll hits you but does no damage.
You slash the gnoll! You headbutt the gnoll.
You kill the gnoll!
Trog accepts your kill.
You hit the ogre. The gnoll hits you but does no damage.
The ogre hits you with a +0 giant club.
You hit the ogre.
The ogre is heavily wounded.
The gnoll hits you from afar with a +0 spear.
The gnoll completely misses you.
You barely miss the ogre.
The ogre is heavily wounded.
The ogre hits you with a +0 giant club! The gnoll misses you.
The gnoll hits you from afar with a +0 spear.
You hit the ogre but do no damage. Your headbutt misses the ogre.
The ogre is heavily wounded.
The gnoll hits you from afar with a +0 spear. x2
The ogre hits you with a +0 giant club.
You are too injured to fight recklessly!
You are too injured to fight recklessly!
You are too injured to fight recklessly!
The gnoll completely misses you.
You hit the ogre. You headbutt the ogre!
The ogre is almost dead.
The ogre hits you with a +0 giant club!!
You die...

.# .. ##. .#
##.. .$.#...
.......
##..../###
#.....)g.###
.....#goO@.###
...
###.....### .
###....<#
#######


You could see an ogre, 2 gnolls and an orc.

Vanquished Creatures
  Jessica (D:2)
  Terence (D:2)
  A mummy (D:3)
  A gnoll (D:4)
  4 adders
  2 worms (D:2)
  A dart slug (D:3)
  6 orcs (D:3)
  3 ball pythons
  5 endoplasms
  4 giant cockroaches
  6 goblins
  8 hobgoblins
  7 kobolds
  5 quokkas
  4 bats
  5 frilled lizards
  5 rats
69 creatures vanquished.

Notes
Turn   | Place    | Note
-------+----------+-------------------------------------------
     0 | D:1      | svrs the Minotaur Berserker began the quest for the Orb.
     0 | D:1      | Reached XP level 1. HP: 19/19 MP: 0/0
   177 | D:1      | Reached XP level 2. HP: 27/27 MP: 1/1
   496 | D:1      | Reached skill level 4 in Axes
  1363 | D:2      | Found a faded altar of an unknown god.
  1378 | D:2      | Reached XP level 3. HP: 30/33 MP: 2/2
  1433 | D:2      | Noticed Terence
  1442 | D:2      | Killed Terence
  1653 | D:2      | Reached ** piety under Trog
  1769 | D:2      | Noticed Jessica
  1776 | D:2      | Killed Jessica
  1777 | D:2      | Reached XP level 4. HP: 36/41 MP: 3/3
  1820 | D:2      | Reached skill level 5 in Axes
  2479 | D:3      | Found a glowing golden altar of the Shining One.
  2930 | D:3      | Reached XP level 5. HP: 43/47 MP: 4/4
  3250 | D:3      | Reached *** piety under Trog
  3398 | D:3      | Found a burning altar of Makhleb.
  3435 | D:3      | Found a snail-covered altar of Cheibriados.
  3494 | D:4      | Noticed an ogre
  3506 | D:4      | Slain by an ogre

Illustrated notes

Levels and vault maps discovered:
D:1:      lemuel_arrival_broad_hall, layout_basic
D:2:      layout_basic, ebering_ecumenical_altar_abandoned, uniq_jessica,
          uniq_terence
D:3:      minmay_razor_zed, layout_basic, lightli_temple_of_fire,
          tso_metal_star, slow_altar_2
D:4:      layout_loops_ring, nzn_wu_jian_council_hall, lemuel_round_altar,
          minmay_crossroads, uniq_menkaure

Skill      XL: |  1  2  3  4 |
---------------+-------------+-----
Fighting       | 4 |  4.7
Axes           | 4 5 |  5.8
Armour         | 3 |  3.2
Dodging        | 3 |  3.2

Action                   |  1- 3 |  4- 6 || total
-------------------------+-------+-------++-------
Melee: Hand axe          |    71 |    99 ||   170
       Headbutt          |     9 |    14 ||    23
Armor: Animal skin       |    10 |     1 ||    11
       Chain mail        |       |    11 ||    11
       Scale mail        |       |    27 ||    27
Dodge: Dodged            |    42 |    44 ||    86
